 Dungeon Crawl Stone Soup version 0.28-a0-683-ga8797d1ae1 (webtiles) character file.

Game seed: 4072466040001547702

562 zazu2006 the Magician (level 7, 0/57 HPs)
             Began as a Naga Hedge Wizard on Oct 18, 2021.
             Slain by a water moccasin (6 damage)
             ... on level 4 of the Dungeon.
             The game lasted 00:08:07 (4825 turns).

zazu2006 the Magician (Naga Hedge Wizard)           Turns: 4825, Time: 00:08:07

Health: 0/57       AC:  5    Str: 19    XL:     7   Next: 31%
Magic:  3/14       EV:  9    Int: 16    God:
Gold:   142        SH:  0    Dex: 10    Spells: 7/16 levels left

rFire   . . .      SeeInvis +   c - +0 dagger (venom)
rCold   . . .      Faith    .   (no shield)
rNeg    . . .      Spirit   .   j - +0 leather armour
rPois   +          Reflect  .   b - +1 hat
rElec   .          Harm     .   (no cloak)
rCorr   .          Rampage  .   (no gloves)
Will    +....                   (no barding)
Stlth   ++........              m - amulet of regeneration
HPRegen 1.19/turn               k - ring of willpower
MPRegen 0.14/turn               q - +6 ring of strength

@: lethally poisoned (0 -> -2), very slightly contaminated, very slow
A: AC +2, large, see invisible, deformed body, poison resistance, slowness 2,
spit poison 1, naga tail 1
a: Spit Poison


You were on level 4 of the Dungeon.
You visited 1 branch of the dungeon, and saw 4 of its levels.

You collected 142 gold pieces.

Inventory:

Hand Weapons
 c - a +0 dagger of venom (weapon)
 f - a +0 spear of freezing
 o - a +0 long sword
Armour
 b - a +1 hat (worn)
 j - a +0 leather armour (worn)
Jewellery
 k - a ring of willpower (left hand)
 m - an amulet of regeneration (around neck)
 q - a +6 ring of strength (right hand)
 s - a ring of resist corrosion
Wands
 t - a wand of iceblast (6)
Scrolls
 e - 2 scrolls of blinking {unknown}
 h - a scroll of brand weapon {unknown}
 n - a scroll of torment {unknown}
 r - a scroll of amnesia {unknown}
 u - a scroll of teleportation {unknown}
Potions
 a - a potion of magic {unknown}
 d - a potion of heal wounds {unknown}
 g - a potion of resistance {unknown}
 i - a potion of curing
 l - a potion of flight {unknown}
 p - a potion of degeneration {unknown}


   Skills:
 + Level 1.1 Fighting
 + Level 2.2 Armour
 + Level 2.1 Dodging
 + Level 4.1 Stealth
 + Level 5.0 Spellcasting
 + Level 3.0 Conjurations
 - Level 1.0 Summonings
 + Level 1.0 Translocations
 + Level 0.1 Air Magic
 * Level 4.0 Poison Magic


You had 7 spell levels left.
You knew the following spells:

 Your Spells              Type           Power      Damage    Failure   Level
a - Magic Dart            Conj           52%        1d5       5%          1
b - Mephitic Cloud        Conj/Pois/Air  11%        N/A       21%         3
c - Conjure Flame         Conj/Fire      8%         6-21      28%         3
d - Blink                 Tloc           N/A        N/A       19%         2

Your spell library contained the following spells:

 Spells                   Type           Power      Damage    Failure   Level
 Shock                    Conj/Air       36%        1d5       10%         1
 Call Imp                 Summ           7%         N/A       19%         2
 Slow                     Hex            4%         N/A       26%         2
 Swiftness                Air            4%         N/A       45%         3
 Airstrike                Air            2%         N/A       86%         4


Dungeon Overview and Level Annotations

Branches:
Dungeon (4/15)
 Temple: D:4-7

Altars:
Cheibriados
Kikubaaqudgha
Okawaru
Uskayaw
Wu Jian

Shops:
D:2 *


Innate Abilities, Weirdness & Mutations

Your serpentine skin is tough. (AC +2)
You have supernaturally acute eyesight. (SInv)
Armour fits poorly on your strangely shaped body.
Your system is resistant to poisons. (rPois)
You cover ground very slowly.
You can spit poison.
You have a snake-like lower body.


Message History

The water moccasin bites you but does no damage.
You barely miss the water moccasin.
The water moccasin is heavily wounded.
The water moccasin bites you.
You hit the water moccasin.
The water moccasin is poisoned.
The water moccasin is heavily wounded.
The water moccasin bites you.
You hit the water moccasin but do no damage.
The water moccasin is severely wounded.
The water moccasin barely misses you. The water moccasin bites you!
* * * LOW HITPOINT WARNING * * *
You miss the water moccasin.
The water moccasin is severely wounded.
The water moccasin bites you but does no damage.
Casting: Blink (safe; 19% risk of failure)
Confirm with . or Enter, or press ? or * to list all spells.
Aiming: Magic Dart (safe; 5% risk of failure)
Press: ? - help, Shift-Dir - straight line, f/p - water moccasin
Aim: a water moccasin (severely wounded, very poisoned, 100% to hit)
Okay, then.
Casting: Magic Dart (safe; 5% risk of failure)
Confirm with . or Enter, or press ? or * to list all spells.
You miscast Blink.
You are very lightly contaminated with residual magic.
Nothing appears to happen.
The water moccasin bites you but does no damage.
The water moccasin bites you!
* * * LOW HITPOINT WARNING * * *
You are poisoned.
The water moccasin poisons you!
Casting: Blink (safe; 19% risk of failure)
Confirm with . or Enter, or press ? or * to list all spells.
You blink.
You feel very sick.
Casting: Blink (safe; 19% risk of failure)
Confirm with . or Enter, or press ? or * to list all spells.
You blink.
You feel very sick. The water moccasin bites you.
You die...

#####################
.(...................
###########.#.############
#.#.))@S§.......
#.#.############ #.#.#
#.#.# #.#<# #.#.# #....
#.#


You could see a water moccasin (poisoned).

Vanquished Creatures
  Duvessa (D:4)
  Dowan (D:4)
  A gnoll shaman (D:4)
  3 orc priests (D:4)
  2 orc wizards (D:4)
  Terence (D:2)
  7 gnolls
  4 adders
  4 dart slugs
  8 orcs
  6 bats
  8 endoplasms
  2 giant cockroaches (D:2)
  9 goblins
  9 hobgoblins
  8 jackals
  5 kobolds
  A quokka (D:4)
  9 ball pythons
  3 frilled lizards
  8 rats
100 creatures vanquished.

Notes
Turn   | Place    | Note
-------+----------+-------------------------------------------
     0 | D:1      | zazu2006 the Naga Hedge Wizard began the quest for the Orb.
     0 | D:1      | Reached XP level 1. HP: 15/15 MP: 4/4
   327 | D:1      | Reached XP level 2. HP: 22/22 MP: 3/6
  1031 | D:1      | Reached XP level 3. HP: 28/28 MP: 1/8
  1035 | D:1      | Learned a level 3 spell: Mephitic Cloud
  1039 | D:1      | Learned a level 3 spell: Conjure Flame
  1042 | D:1      | Learned a level 2 spell: Blink
  1452 | D:1      | Found a faded altar of an unknown god.
  2555 | D:2      | Noticed Terence
  2569 | D:2      | Killed Terence
  2570 | D:2      | Reached skill level 4 in Spellcasting
  2570 | D:2      | Reached XP level 4. HP: 36/36 MP: 5/10
  2626 | D:2      | Reached skill level 1 in Poison Magic
  3235 | D:2      | Found Omemne's General Store.
  3277 | D:2      | Reached XP level 5. HP: 42/42 MP: 7/11
  3618 | D:3      | Found a hide-covered altar of Uskayaw.
  3739 | D:3      | Reached skill level 1 in Armour
  3936 | D:3      | Found an iron altar of Okawaru.
  4099 | D:3      | Found a snail-covered altar of Cheibriados.
  4156 | D:3      | Found an ancient bone altar of Kikubaaqudgha.
  4235 | D:3      | Found an ornate altar of the Wu Jian Council.
  4390 | D:4      | Noticed Duvessa
  4391 | D:4      | Noticed Dowan
  4407 | D:4      | Killed Duvessa
  4408 | D:4      | Reached XP level 6. HP: 43/49 MP: 6/12
  4410 | D:4      | Killed Dowan
  4455 | D:4      | Reached XP level 7. HP: 24/56 MP: 5/14
  4599 | D:4      | Reached skill level 1 in Fighting
  4786 | D:4      | Reached skill level 5 in Spellcasting
  4825 | D:4      | Slain by a water moccasin

Illustrated notes

Levels and vault maps discovered:
D:1:      lemuel_arrival_tunnels, layout_loops_corners,
          ebering_ecumenical_altar_mist, minmay_hexomino_c4
D:2:      layout_loops_ring, serial_shops, nicolae_shop_crystal, uniq_terence
D:3:      layout_rooms, amcnicky_altar_gilded, nicolae_uskayaw_dance_hall,
          general_overflow_altar, mainiacjoe_overflow_cross_hatched,
          mainiacjoe_overflow_tiny_flanked
D:4:      layout_basic, grunt_decor_one_mirror, uniq_duvessa

Skill      XL: |  1  2  3  4  5  6  7 |
---------------+----------------------+-----
Spellcasting   | 4 5 |  5.0
Conjurations   | 2 3 |  3.0
Poison Magic   | 1 2 3 4 |  4.0
Armour         | 1 2 |  2.2
Dodging        | 2 |  2.1
Fighting       | 1 |  1.1
Stealth        | 4 |  4.1
Summonings     | |  1.0
Translocations | |  1.0
Air Magic      | |  0.1

Action                   |  1- 3 |  4- 6 |  7- 9 || total
-------------------------+-------+-------+-------++-------
Melee: Dagger            |    28 |    81 |    57 ||   166
 Cast: Magic Dart        |    98 |    69 |     5 ||   172
       Mephitic Cloud    |     1 |     4 |     3 ||     8
       Blink             |       |       |     4 ||     4
 Abil: Spit Poison       |    20 |     5 |     2 ||    27
 Stab: Confused          |     1 |     2 |     1 ||     4
       Sleeping          |       |     1 |       ||     1
Armor: Robe              |    18 |       |       ||    18
       Leather armour    |     5 |    14 |    13 ||    32
Dodge: Dodged            |    45 |    44 |    14 ||   103

Table legend: (Time is in decaauts)
 A = Elapsed time spent in this place.
 B = Non-inter-level travel time spent in this place.
 C = Inter-level travel time spent in this place.
 D = Time resting spent in this place.
 E = Time spent auto-exploring this place.
 F = Levels seen in this place.
 G = Mean time per level.
                   A        B        C        D        E       F      G
               +--------+--------+--------+--------+--------+-----+--------+
         Total |   5698 |   5500 |    198 |    123 |   4554 |   4 | 1424.5 |
       Dungeon |   5698 |   5500 |    198 |    123 |   4554 |   4 | 1424.5 |
               +--------+--------+--------+--------+--------+-----+--------+

Top non-repeatable levels by time:
     D:1: 2828 daAuts
     D:2: 1365 daAuts
     D:3: 906 daAuts
     D:4: 598 daAuts
